 Dungeon Crawl Stone Soup version 0.28-a0-604-g249bb1af34 (webtiles) character file.

Game seed: 15924177223627496028

27 CurlyBrace the Sneak (level 2, 2/12 HPs)
             Began as a Felid Fire Elementalist on Oct 5, 2021.
             Quit the game on level 5 of the Dungeon.
             The game lasted 00:05:38 (324 turns).

CurlyBrace the Sneak (Felid Fire Elementalist)       Turns: 324, Time: 00:05:38

Health: 2/12       AC:  1    Str:  4    XL:     2   Next: 93%
Magic:  3/6        EV: 17    Int: 16    God:
Gold:   20         SH:  0    Dex: 16    Spells: 2/5 levels left
                                        Lives:  0   Deaths: 0

rFire   . . .      SeeInvis +   (weapon unavailable)
rCold   . . .      Faith    .   (shield unavailable)
rNeg    . . .      Spirit   .   (armour unavailable)
rPois   .          Reflect  .   (helmet unavailable)
rElec   .          Harm     .   (cloak unavailable)
rCorr   .          Rampage  .   (gloves unavailable)
Will    .....                   (boots unavailable)
Stlth   ++........              (no amulet)
HPRegen 0.04/turn               (no ring)
MPRegen 0.10/turn               (no ring)

@: quick
A: very small, claws 1, fangs 3, see invisible, speed 1, shaggy fur 1, stealthy
paws, no weapons or thrown items, no armour, multi-lived
a: no special abilities


You were on level 5 of the Dungeon.
You visited 1 branch of the dungeon, and saw 5 of its levels.

You collected 20 gold pieces.

Inventory:

Scrolls
 r - a scroll of identify


   Skills:
 + Level 0.4 Fighting
 - Level 3.0 Dodging
 - Level 3.0 Stealth
 + Level 0.4 Unarmed Combat
 * Level 2.3 Spellcasting
 + Level 1.1 Conjurations
 * Level 3.0 Fire Magic


You had 2 spell levels left.
You knew the following spells:

 Your Spells              Type           Power      Damage    Failure   Level
a - Foxfire               Conj/Fire      32%        2x1d5     9%          1
b - Scorch                Fire           22%        2d6       9%          2

Your spell library contained the following spells:

 Spells                   Type           Power      Damage    Failure   Level
 Conjure Flame            Conj/Fire      8%         6-21      26%         3
 Inner Flame              Hex/Fire       6%         N/A       32%         3
 Dazzling Flash           Conj/Hex       6%         N/A       43%         3
 Flame Wave               Conj/Fire      8%         3d4       63%         4
 Agony                    Necr           1%         N/A       99%         5
 Silence                  Hex/Air        0%         N/A       99%         5


Dungeon Overview and Level Annotations

Branches:
Dungeon (5/15)
 Temple: D:4-7

Altars:

Shops:
D:3 =

Annotations:
D:5 exclusions: iguana, 2 orcs, orc wizard and skeleton


Innate Abilities, Weirdness & Mutations

You have sharp claws.
You have razor-sharp teeth.
You have supernaturally acute eyesight. (SInv)
You cover ground quickly. (Speed+)
You are covered in fur. (AC +1)
Your paws help you pounce on unaware monsters.
You are incapable of wielding weapons or throwing items.
You cannot wear armour.
You gain extra lives every three experience levels.


Message History

You scratch the phantom but do no damage.
The phantom is moderately damaged.
The phantom hits you.
The phantom blinks!
You blink.
Casting: Scorch (safe; 9% risk of failure)
Confirm with . or Enter, or press ? or * to list all spells.
You miscast Foxfire.
You are very lightly contaminated with residual magic.
Nothing appears to happen.
Your magical contamination has completely faded away.
An orc wizard comes into view. It is wielding a +0 dagger.
Found 25 bolts.
Press: ? - help, v - describe, . - travel
Here: a phantom (moderately damaged)
The floor.
An orc comes into view. It is wielding a +0 short sword.
A dart slug comes into view.
The orc shouts!
You hear a shout!
An orc priest comes into view. It is wielding a +0 dagger.
Found a lumpy orange potion.
Found a scroll of noise.
The orc wizard gestures at you while chanting.
The puff of flame hits you.
Ouch! That really hurt!
* * * LOW HITPOINT WARNING * * *
Unknown command.
You feel much better.
The orc priest calls down the wrath of Beogh upon you.
Beogh smites you!
Ouch! That really hurt!
* * * LOW HITPOINT WARNING * * *
The orc wizard mumbles some strange words.
The orc wizard flickers and vanishes for a moment.
Really walk into a travel-excluded area?
Press: ? - help, v - describe, . - travel A stone staircase leading up.
Unknown command.
Unknown command.
A wight comes into view. It is wielding a +0 flail.
A wight comes into view. It is wielding a +1 spear of freezing.
Are you sure you want to abandon this character and quit the game? (Confirm with "yes".)

# # #### .## . ....
..# #.#Z.####.# #
#.#..#. .z. . .....
#.# # #..# #z# #
#l###.<####@# #
#...........# ##
#####...##### .##
#...# #.## #...#
##.#######..W#####
###.##...........#
..............[.....
.##.##...........###


You could see 2 wights.

Vanquished Creatures
  An adder (D:4)
  A howler monkey skeleton (D:5)
  An endoplasm (D:2)
  A goblin (D:1)
  A hobgoblin (D:3)
  4 ball pythons
  A frilled lizard (D:1)
10 creatures vanquished.

Vanquished Creatures (others)
  22 foxfires
22 creatures vanquished.

Grand Total: 32 creatures vanquished

Notes
Turn   | Place    | Note
-------+----------+-------------------------------------------
     0 | D:1      | CurlyBrace the Felid Fire Elementalist began the quest for
                  | the Orb.
     0 | D:1      | Reached XP level 1. HP: 7/7 MP: 4/4
    69 | D:2      | Reached skill level 1 in Conjurations
   115 | D:3      | Found Xinguttave's Jewellery Shoppe.
   207 | D:4      | Reached XP level 2. HP: 11/11 MP: 0/6
   210 | D:4      | Learned a level 2 spell: Scorch
   242 | D:5      | Entered Level 5 of the Dungeon
   247 | D:5      | Noticed a phantom
   322 | D:5      | Noticed a wight
   323 | D:5      | Noticed a wight
   324 | D:5      | Quit the game

Illustrated notes

Levels and vault maps discovered:
D:1:      dpeg_arrival_solitude, layout_basic, basic_ecumenical_altar,
          minmay_tetromino_l4
D:2:      layout_rooms
D:3:      layout_loops_corners, serial_shops, shop, uniq_grinder, uniq_natasha
D:4:      layout_cave_pools, minmay_temple_entry_large_hall, uniq_blork_the_orc
D:5:      layout_loops_cross, kennysheep_cross_bottleneck, cheibrodos_gnoll_hut,
          uniq_duvessa

Skill      XL: |  1  2 |
---------------+-------+-----
Conjurations   | 1 |  1.1
Stealth        | 3 |  3.0
Dodging        | 3 |  3.0
Fire Magic     | 3 |  3.0
Fighting       | |  0.4
Unarmed Combat | |  0.4
Spellcasting   | |  2.3

Action                   || total
-------------------------++-------
Melee: Unarmed           ||    11
       Bite              ||     1
 Cast: Foxfire           ||    14
       Scorch            ||     1
  Use: Scroll            ||     3
       Potion            ||     1
 Stab: Sleeping          ||     2
Dodge: Dodged            ||     7

Table legend: (Time is in decaauts)
 A = Elapsed time spent in this place.
 B = Non-inter-level travel time spent in this place.
 C = Inter-level travel time spent in this place.
 D = Time resting spent in this place.
 E = Time spent auto-exploring this place.
 F = Levels seen in this place.
 G = Mean time per level.
                   A        B        C        D        E       F      G
               +--------+--------+--------+--------+--------+-----+--------+
         Total |    269 |    259 |     10 |      0 |      0 |   5 |   53.8 |
       Dungeon |    269 |    259 |     10 |      0 |      0 |   5 |   53.8 |
               +--------+--------+--------+--------+--------+-----+--------+

Top non-repeatable levels by time:
     D:3: 105 daAuts
     D:5: 68 daAuts
     D:1: 49 daAuts
     D:4: 36 daAuts
     D:2: 10 daAuts
